 Dungeon Crawl Stone Soup version 0.30-a0-953-g5f1da4a474 (webtiles) character file.

Game seed: 809132084328907984

242 Lobster4 the Trooper (level 6, -3/62 HPs)
             Began as an Ogre Gladiator on Mar 29, 2023.
             Was a Follower of Wu Jian.
             Slain by an ogre
             ... wielding a +0 giant spiked club
              (22 damage)
             ... on level 5 of the Dungeon.
             The game lasted 00:08:21 (2446 turns).

Lobster4 the Trooper (Ogre Gladiator)               Turns: 2446, Time: 00:08:21

Health: -3/62      AC:  5    Str: 21    XL:     6   Next: 9%
Magic:  7/7        EV: 10    Int:  9    God:    Wu Jian [*.....]
Gold:   175        SH:  0    Dex: 10    Spells: 6/7 levels left

rFire   . . .      SeeInvis .    a - +1 war axe
rCold   . . .      Faith    .    (no shield)
rNeg    . . .      Spirit   .    t - +1 animal skin
rPois   .          Reflect  .    c - +1 hat
rElec   .          Rampage  .    (no cloak)
rCorr   .                        (gloves unavailable)
Will    .....                    (boots unavailable)
Stlth   +                        (no amulet)
HPRegen 0.30/turn                (no ring)
MPRegen 0.10/turn                (no ring)

@: invisible
A: large, unfitting armour, tough skin 1
a: Renounce Religion


You were on level 5 of the Dungeon.
You worshipped Wu Jian.
Wu Jian was aware of your devotion.
You visited 1 branch of the dungeon, and saw 6 of its levels.

You collected 175 gold pieces.

Inventory:

Hand Weapons
 a - a +1 war axe (weapon)
 b - a +0 sling
Missiles
 d - 3 throwing nets
 e - 3 large rocks
 f - 6 stones (quivered)
 g - 5 boomerangs
Armour
 c - a +1 hat (worn)
 t - a +1 animal skin (worn)
Scrolls
 j - a scroll of enchant weapon
 k - a scroll of blinking
 m - a scroll of teleportation {unknown}
Potions
 h - a potion of flight {unknown}
 i - a potion of lignification {unknown}
 l - a potion of might {unknown}
 n - a potion of heal wounds {unknown}
 o - 3 potions of degeneration {unknown}
 q - a potion of haste {unknown}
 r - a potion of mutation
 s - a potion of invisibility
 u - a potion of ambrosia
 z - a potion of attraction {unknown}
 A - a potion of cancellation
 B - a potion of curing {unknown}


   Skills:
 + Level 4.0 Fighting
 + Level 3.8 Axes
 + Level 3.0 Throwing
 + Level 1.6 Armour
 + Level 3.5 Dodging
 + Level 1.2 Spellcasting
 + Level 1.0 Transmutations
 + Level 0.8 Poison Magic


You had 6 spell levels left.
You knew the following spells:

 Your Spells              Type           Power      Damage    Failure   Level
a - Sting                 Tmut/Pois      8%         1d3       26%         1

Your spell library contained the following spells:

 Spells                   Type           Power      Damage    Failure   Level
 Magic Dart               Conj           0%         1d3       36%         1
 Poisonous Vapours        Pois/Air       2%         N/A       43%         2
 Cigotuvi's Dreadful Rot  Necr/Pois/Air  2%         N/A       45%         2
 Blink                    Tloc           0%         N/A       50%         2
 Lesser Beckoning         Tloc           0%         N/A       50%         2
 Momentum Strike          Conj/Tloc      0%         3d8       50%         2
 Searing Ray              Conj           0%         2d4       50%         2
 Ignite Poison            Fire/Tmut/Pois 1%         N/A       65%         3
 Olgreb's Toxic Radiance  Pois           2%         N/A       95%         4
 Dispel Undead            Necr           0%         3d6       98%         4
 Fulminant Prism          Conj/Hex       0%         3d5       98%         4
 Sticky Flame             Conj/Fire      0%         2d3       98%         4
 Freezing Cloud           Conj/Ice/Air   0%         6-21      100%        5
 Death Channel            Necr           0%         N/A       100%        6
 Simulacrum               Ice/Necr       0%         N/A       100%        6
 Ignition                 Fire           0%         3d3       100%        8
 Polar Vortex             Ice            0%         N/A       100%        9


Dungeon Overview and Level Annotations

Branches:
Dungeon (6/15)
 Temple: D:4-7

Altars:
Wu Jian


Innate Abilities, Weirdness & Mutations

You are too large for most types of armour.
You have tough skin. (AC +1)


Message History

The white imp attacks as you move away!
The white imp hits you but does no damage.
You barely miss the white imp.
The white imp is lightly wounded.
The white imp gestures at you. The puff of frost hits you.
You barely miss the white imp. Your punch misses the white imp.
The white imp is lightly wounded.
The white imp hits you. The white imp freezes you.
You slash the white imp!
The white imp is severely wounded.
The white imp hits you but does no damage.
The white imp hits you. The white imp freezes you.
You slash the white imp!
You kill the white imp!
The Council accepts your kill. The adder closely misses you.
Okay, then.
The adder attacks as you move away! The adder barely misses you.
The adder closely misses you.
You miss the adder. The adder bites you but does no damage.
The adder closely misses you.
You slash the adder!
You kill the adder!
The Council accepts your kill.
The ogre hits you with a +0 giant spiked club!!
* * * LOW HITPOINT WARNING * * *
Your Transmutations skill increases to level 1!
You fade into invisibility!
You barely miss the ogre. The ogre closely misses you.
You hit the ogre.
The ogre is lightly wounded.
The ogre barely misses you.
You slash the ogre!
The ogre is heavily wounded.
The ogre barely misses you.
You slash the ogre!
The ogre is almost dead.
The ogre hits you with a +0 giant spiked club!!
You die...

###.# #.# #...# #.#
#.### #.# #.# #.###
#.# #.#.# #.#
#.#.#######. #.#
##.#.........
#.########...####.....
#....@O..†............
##########...####.###.
##.## #.# #.# #.# #.#
#.# #.# ... #.. .#.
###


You could see an ogre (unable to see you).

Vanquished Creatures
  2 hounds
  A jelly (D:5)
  Jessica (D:2)
  Robin (D:1)
  A gnoll (D:1)
  3 adders
  2 white imps (D:5)
  2 dart slugs
  5 ball pythons
  4 endoplasms
  4 giant cockroaches
  10 goblins
  6 hobgoblins
  2 jackals (D:2)
  5 kobolds
  4 quokkas
  5 bats
  4 frilled lizards
  3 rats
65 creatures vanquished.

Vanquished Creatures (others)
  2 demonic plants (D:5)
2 creatures vanquished.

Grand Total: 67 creatures vanquished

Notes
Turn   | Place    | Note
-------+----------+-------------------------------------------
     0 | D:1      | Lobster4 the Ogre Gladiator began the quest for the Orb.
     0 | D:1      | Reached XP level 1. HP: 22/22 MP: 1/1
   136 | D:1      | Reached XP level 2. HP: 25/29 MP: 2/2
   321 | D:1      | Reached skill level 3 in Fighting
   551 | D:1      | Reached XP level 3. HP: 37/37 MP: 3/3
   590 | D:1      | Found a faded altar of an unknown god.
   913 | D:2      | Noticed Robin
   917 | D:1      | Killed Robin
   947 | D:2      | Reached skill level 1 in Armour
  1009 | D:2      | Found an ornate altar of the Wu Jian Council.
  1025 | D:2      | Became a worshipper of the Wu Jian Council
  1051 | D:2      | Reached XP level 4. HP: 40/45 MP: 4/4
  1102 | D:2      | Noticed Jessica
  1204 | D:2      | Killed Jessica
  1234 | D:2      | Learned a level 1 spell: Sting
  1902 | D:3      | Reached XP level 5. HP: 53/54 MP: 5/5
  2158 | D:4      | Noticed a black bear
  2187 | D:4      | You fall into a shaft and drop 2 floors!
  2267 | D:6      | Noticed a steam dragon
  2273 | D:5      | Entered Level 5 of the Dungeon
  2365 | D:5      | Reached skill level 1 in Spellcasting
  2398 | D:5      | Reached * piety under Wu Jian
  2424 | D:5      | Reached skill level 4 in Fighting
  2424 | D:5      | Reached XP level 6. HP: 62/62 MP: 7/7
  2439 | D:5      | Reached skill level 1 in Transmutations
  2446 | D:5      | Slain by an ogre

Illustrated notes

Levels and vault maps discovered:
D:1:      dpeg_arrival_yet_another_circle, layout_basic, basic_ecumenical_altar
D:2:      layout_rooms, basic_altar, uniq_robin, uniq_jessica
D:3:      layout_rooms, serial_curves, eino_curves_03, eino_curves_04
D:4:      layout_loops_ring, minmay_shop_enchanted_jewellery
D:5:      minmay_bubble_buster, layout_loops_ring, serial_shops, shop,
          serial_demonic, serial_demonic_d, serial_demonic_b, serial_demonic_c,
          serial_demonic_e, minmay_misc_feat_room, minmay_manual_mess
D:6:      layout_loops_corners

Skill      XL: |  1  2  3  4  5  6 |
---------------+-------------------+-----
Fighting       | 3 4 |  4.0
Dodging        | 3 |  3.5
Armour         | 1 |  1.6
Spellcasting   | 1 |  1.2
Throwing       | 3 |  3.0
Transmutations | 1 |  1.0
Axes           | |  3.8
Poison Magic   | |  0.8

Action                     |  1- 3 |  4- 6 || total
---------------------------+-------+-------++-------
  Melee: War axe           |    59 |    68 ||   127
   Fire: Sling             |     1 |       ||     1
  Throw: Stone             |     2 |    17 ||    19
         Boomerang         |       |     7 ||     7
Ability: Lunge             |       |     5 ||     5
    Use: Scroll            |       |    11 ||    11
         Potion            |       |     1 ||     1
   Stab: Sleeping          |     1 |       ||     1
 Armour: Robe              |    12 |       ||    12
         Animal skin       |    12 |    24 ||    36
  Dodge: Dodged            |    38 |    35 ||    73

Table legend: (Time is in decaauts)
 A = Elapsed time spent in this place.
 B = Non-inter-level travel time spent in this place.
 C = Inter-level travel time spent in this place.
 D = Time resting spent in this place.
 E = Time spent auto-exploring this place.
 F = Levels seen in this place.
 G = Mean time per level.
                   A        B        C        D        E       F      G
               +--------+--------+--------+--------+--------+-----+--------+
         Total |   2486 |   2364 |    122 |     90 |   1734 |   6 |  414.3 |
       Dungeon |   2486 |   2364 |    122 |     90 |   1734 |   6 |  414.3 |
               +--------+--------+--------+--------+--------+-----+--------+

Top non-repeatable levels by time:
     D:1: 1016 daAuts
     D:2: 577 daAuts
     D:3: 556 daAuts
     D:5: 178 daAuts
     D:6: 86 daAuts
     D:4: 70 daAuts
